NCAA
NORTHWESTERN WILDCATS @ AUBURN TIGERS
04/29/2025
 
TOP OF THE 1ST
Northwestern Wildcats batting - Pitching for Auburn Tigers : LHP Gerard Miller
Pitching: LHP Gerard Miller
Batting: RHB Pablo Velásquez 0-0: SINGLE (Groundball, 4)
Batting: RHB Bill Christian 0-0: Ball
1-0: Grounds into double play, 6-4-3 (Groundball, 56)
Batting: SHB Arnold Maddox 0-0: Fly out, F9 (Flyball, 9LMF)
Top of the 1st over - 0 run(s), 1 hit(s), 0 error(s), 0 left on base; Northwestern 0 - Auburn 0
BOTTOM OF THE 1ST
Auburn Tigers batting - Pitching for Northwestern Wildcats : RHP Dennis Wheeler
Pitching: RHP Dennis Wheeler
Batting: RHB António Martínez 0-0: Ball
1-0: SOLO HOME RUN (Flyball, 8RXD), Distance : 397 ft
Batting: RHB Jody Díaz 0-0: Ball
1-0: SINGLE (Line Drive, 9S)
Batting: LHB Edison Snyder 0-0: Fly out, F8 (Flyball, 8LM)
Batting: RHB Artie Frye 0-0: Fly out, F3 (Popup, 23)
Batting: LHB Francisco Cardenas 0-0: Foul Ball, location: 2F
0-1: Swinging Strike
0-2: Strikes out swinging
Bottom of the 1st over - 1 run(s), 2 hit(s), 0 error(s), 1 left on base; Northwestern 0 - Auburn 1
TOP OF THE 2ND
Northwestern Wildcats batting - Pitching for Auburn Tigers : LHP Gerard Miller
Batting: RHB Kelly Graham 0-0: Ball
1-0: Swinging Strike
1-1: Ball
2-1: Foul Ball, location: 2F
2-2: Foul Ball, location: 2F
2-2: Foul Ball, location: 2F
2-2: Reached on error, E5 (Groundball, 56S)
Batting: RHB Jon Leach 0-0: Called Strike
0-1: Ball
1-1: Foul Ball, location: 2F
1-2: SINGLE (Groundball, 34D)
Kelly Graham to second
Runner from 2nd tries for 3rd, SAFE, throw made to third
Batting: RHB Robert Carter 0-0: Called Strike
0-1: Grounds into double play, 5-4-3 (Groundball, 5L)
Kelly Graham scores
Batting: LHB Ramón Morán 0-0: Ball
1-0: Called Strike
1-1: SINGLE (Groundball, 3L)
Batting: LHB John Allen 0-0: Foul Ball, location: 2F
0-1: Ball
1-1: Foul Ball, location: 2F
1-2: Ball
2-2: Foul Ball, location: 2F
2-2: Foul Ball, location: 2F
2-2: Ball
3-2: Foul Ball, location: 2F
3-2: Strikes out looking
Top of the 2nd over - 1 run(s), 2 hit(s), 1 error(s), 1 left on base; Northwestern 1 - Auburn 1
BOTTOM OF THE 2ND
Auburn Tigers batting - Pitching for Northwestern Wildcats : RHP Dennis Wheeler
Batting: RHB Ángelo Young 0-0: Called Strike
0-1: Fly out, F7 (Flyball, 8LM)
Batting: SHB David Boyle 0-0: Foul Ball, location: 2F
0-1: Ball
1-1: Called Strike
1-2: Foul Ball, location: 2F
1-2: Ball
2-2: SINGLE (Line Drive, 6M)
Batting: RHB Ralph McCullum 0-0: Called Strike
0-1: Swinging Strike
0-2: Strikes out looking
Batting: RHB Carlos Frías 0-0: Called Strike
0-1: Called Strike
0-2: Ball
David Boyle steals 2nd base
1-2: SINGLE (Groundball, 4MD)
David Boyle to third
Runner from 3rd tries for Home, SAFE, no throw or cutoff
Batting: RHB António Martínez 0-0: Ball
1-0: Ball
2-0: Ball
3-0: Base on Balls
Carlos Frías to second
Batting: RHB Jody Díaz 0-0: Ball
1-0: Ball
2-0: Fly out, F9 (Flyball, 9S)
Bottom of the 2nd over - 1 run(s), 2 hit(s), 0 error(s), 2 left on base; Northwestern 1 - Auburn 2
TOP OF THE 3RD
Northwestern Wildcats batting - Pitching for Auburn Tigers : LHP Gerard Miller
Batting: RHB Tony Collier 0-0: Called Strike
0-1: Foul Ball, location: 2F
0-2: Ball
1-2: Ball
2-2: Strikes out swinging
Batting: RHB Pablo Velásquez 0-0: SINGLE (Line Drive, 8LS)
Batting: RHB Bill Christian 0-0: Ball
1-0: Swinging Strike
1-1: Foul Ball, location: 2F
1-2: Ball
2-2: Strikes out swinging
Batting: SHB Arnold Maddox 0-0: Ball
1-0: Swinging Strike
1-1: Ball
2-1: Called Strike
2-2: Strikes out swinging
Top of the 3rd over - 0 run(s), 1 hit(s), 0 error(s), 1 left on base; Northwestern 1 - Auburn 2
BOTTOM OF THE 3RD
Auburn Tigers batting - Pitching for Northwestern Wildcats : RHP Dennis Wheeler
Batting: LHB Edison Snyder 0-0: Ball
1-0: Ball
2-0: Ball
3-0: Base on Balls
Batting: RHB Artie Frye 0-0: Ball
1-0: Ball
2-0: Called Strike
2-1: Ball
3-1: Base on Balls
Edison Snyder to second
Batting: LHB Francisco Cardenas 0-0: Fly out, F8 (Flyball, 8RS)
Batting: RHB Ángelo Young 0-0: Fly out, F6 (Line Drive, 56D)
Batting: SHB David Boyle 0-0: Ball
1-0: Foul Ball, location: 2F
1-1: SINGLE (Line Drive, 56D)
Edison Snyder to third
Artie Frye to second
Batting: RHB Ralph McCullum 0-0: Ball
1-0: Foul Ball, location: 2F
1-1: Called Strike
1-2: Ball
2-2: Ball
3-2: Strikes out swinging
Bottom of the 3rd over - 0 run(s), 1 hit(s), 0 error(s), 3 left on base; Northwestern 1 - Auburn 2
TOP OF THE 4TH
Northwestern Wildcats batting - Pitching for Auburn Tigers : LHP Gerard Miller
Batting: RHB Kelly Graham 0-0: Foul Ball, location: 2F
0-1: Ball
1-1: Called Strike
1-2: Ball
2-2: Foul Ball, location: 2F
2-2: Ball
3-2: Strikes out swinging
Batting: RHB Jon Leach 0-0: Ball
1-0: Swinging Strike
1-1: Ball
2-1: Called Strike
2-2: Strikes out looking
Batting: RHB Robert Carter 0-0: Swinging Strike
0-1: Foul Ball, location: 2F
0-2: Ball
1-2: Fly out, F8 (Flyball, 89M)
Top of the 4th over - 0 run(s), 0 hit(s), 0 error(s), 0 left on base; Northwestern 1 - Auburn 2
BOTTOM OF THE 4TH
Auburn Tigers batting - Pitching for Northwestern Wildcats : RHP Dennis Wheeler
Batting: RHB Carlos Frías 0-0: Fly out, F6 (Popup, 5D)
Batting: RHB António Martínez 0-0: Ball
1-0: Foul Ball, location: 2F
1-1: Ball
2-1: Ball
3-1: Fly out, F7 (Flyball, 7M)
Batting: RHB Jody Díaz 0-0: Fly out, F7 (Flyball, 78M)
Bottom of the 4th over - 0 run(s), 0 hit(s), 0 error(s), 0 left on base; Northwestern 1 - Auburn 2
TOP OF THE 5TH
Northwestern Wildcats batting - Pitching for Auburn Tigers : LHP Gerard Miller
Batting: LHB Ramón Morán 0-0: Called Strike
0-1: Ball
1-1: Ball
2-1: Foul Ball, location: 2F
2-2: Strikes out looking
Batting: LHB John Allen 0-0: Called Strike
0-1: Ball
1-1: Swinging Strike
1-2: Foul Ball, location: 2F
1-2: Strikes out swinging
Batting: RHB Tony Collier 0-0: Called Strike
0-1: Ball
1-1: Foul Ball, location: 2F
1-2: SINGLE (Groundball, 13) (infield hit)
Batting: RHB Pablo Velásquez 0-0: Swinging Strike
0-1: Called Strike
0-2: Ball
1-2: Ball
Wild Pitch!
Tony Collier to second
2-2: Ball
3-2: Fly out, F3 (Popup, 23F)
Top of the 5th over - 0 run(s), 1 hit(s), 0 error(s), 1 left on base; Northwestern 1 - Auburn 2
BOTTOM OF THE 5TH
Auburn Tigers batting - Pitching for Northwestern Wildcats : RHP Dennis Wheeler
Batting: LHB Edison Snyder 0-0: Ball
1-0: Called Strike
1-1: Ball
2-1: Swinging Strike
2-2: Foul Ball, location: 2F
2-2: Ball
3-2: Foul Ball, location: 2F
3-2: Ground out 5-3 (Groundball, 56S)
Batting: RHB Artie Frye 0-0: Foul Ball, location: 2F
0-1: Ball
1-1: Ball
2-1: Foul Ball, location: 2F
2-2: Ground out 6-3 (Groundball, 6)
Batting: LHB Francisco Cardenas 0-0: Ball
1-0: Foul Ball, location: 2F
1-1: DOUBLE (Line Drive, 6D)
Batting: RHB Ángelo Young 0-0: Ball
1-0: Ball
2-0: Ball
3-0: Base on Balls
Batting: SHB David Boyle 0-0: Ball
1-0: Called Strike
1-1: Foul Ball, location: 2F
1-2: Ball
2-2: Ball
3-2: Strikes out looking
Bottom of the 5th over - 0 run(s), 1 hit(s), 0 error(s), 2 left on base; Northwestern 1 - Auburn 2
TOP OF THE 6TH
Northwestern Wildcats batting - Pitching for Auburn Tigers : LHP Gerard Miller
Pitching: LHP Tim Peters
Batting: RHB Bill Christian 0-0: TRIPLE (Flyball, 9M)
Batting: SHB Arnold Maddox 0-0: Called Strike
0-1: Ball
1-1: Foul Ball, location: 2F
1-2: Hit by Pitch
Batting: RHB Kelly Graham 0-0: Ball
1-0: Ball
2-0: Called Strike
2-1: Called Strike
2-2: Foul Ball, location: 2F
2-2: Strikes out swinging
Batting: RHB Jon Leach 0-0: Called Strike
0-1: Called Strike
0-2: Fly out, F2 (Popup, 2LF)
Batting: RHB Robert Carter 0-0: Called Strike
Arnold Maddox steals 2nd base
0-1: Called Strike
0-2: Strikes out looking
Top of the 6th over - 0 run(s), 1 hit(s), 0 error(s), 2 left on base; Northwestern 1 - Auburn 2
BOTTOM OF THE 6TH
Auburn Tigers batting - Pitching for Northwestern Wildcats : RHP Dennis Wheeler
Pitching: RHP Mario Mendoza
Batting: RHB Ralph McCullum 0-0: Ball
1-0: Ball
2-0: Ball
3-0: Base on Balls
Batting: RHB Carlos Frías 0-0: Called Strike
Ralph McCullum is caught stealing 2nd base
0-1: Ball
1-1: SINGLE (Flyball, 8LS)
Batting: RHB António Martínez 0-0: Ball
1-0: Ball
2-0: Swinging Strike
2-1: Fielders Choice at 2nd, 5-4 (Groundball, 56)
Batting: RHB Jody Díaz 0-0: Ball
1-0: SINGLE (Flyball, 89M)
António Martínez to second
Runner from 2nd tries for 3rd, SAFE, throw made to third
Batting: LHB Edison Snyder 0-0: TRIPLE (Line Drive, 78D)
António Martínez scores
Jody Díaz scores
Batting: RHB Artie Frye 0-0: Ball
1-0: Ball
2-0: Called Strike
2-1: Fly out, F7 (Flyball, 7D)
Bottom of the 6th over - 2 run(s), 3 hit(s), 0 error(s), 1 left on base; Northwestern 1 - Auburn 4
TOP OF THE 7TH
Northwestern Wildcats batting - Pitching for Auburn Tigers : LHP Tim Peters
Batting: LHB Ramón Morán 0-0: Called Strike
0-1: Ball
1-1: Ball
2-1: Ground out 5-3 (Groundball, 56S)
Batting: LHB John Allen 0-0: Foul Ball, location: 2F
0-1: Called Strike
0-2: Ground out 6-3 (Groundball, 6M)
Batting: RHB Tony Collier 0-0: Called Strike
0-1: Foul Ball, location: 2F
0-2: Strikes out looking
Top of the 7th over - 0 run(s), 0 hit(s), 0 error(s), 0 left on base; Northwestern 1 - Auburn 4
BOTTOM OF THE 7TH
Auburn Tigers batting - Pitching for Northwestern Wildcats : RHP Mario Mendoza
Batting: LHB Francisco Cardenas 0-0: Ball
1-0: Fly out, F5 (Line Drive, 56)
Batting: RHB Ángelo Young 0-0: Called Strike
0-1: Ball
1-1: Swinging Strike
1-2: Ball
2-2: Strikes out swinging
Batting: SHB David Boyle 0-0: Called Strike
0-1: Ground out 5-3 (Groundball, 56)
Bottom of the 7th over - 0 run(s), 0 hit(s), 0 error(s), 0 left on base; Northwestern 1 - Auburn 4
TOP OF THE 8TH
Northwestern Wildcats batting - Pitching for Auburn Tigers : LHP Tim Peters
Pitching: LHP Reynaldo Adame
Batting: RHB Pablo Velásquez 0-0: Ball
1-0: Foul Ball, location: 2F
1-1: Ball
2-1: Foul Ball, location: 2F
2-2: SINGLE (Line Drive, 34D)
Pitching: RHP Vincente López
Batting: RHB Bill Christian 0-0: Swinging Strike
0-1: Called Strike
0-2: Ball
1-2: Foul Ball, location: 2F
1-2: Fly out, F8 (Flyball, 8RM)
Batting: SHB Arnold Maddox 0-0: Ball
1-0: Ball
2-0: Called Strike
2-1: Grounds out, U3 (Groundball, 3L)
Batting: RHB Kelly Graham 0-0: Called Strike
0-1: Swinging Strike
0-2: Reached on error, E5 (Groundball, 5S)
Pablo Velásquez scores
Batting: RHB Jon Leach 0-0: Ground out 5-3 (Groundball, 5S)
Top of the 8th over - 1 run(s), 1 hit(s), 1 error(s), 1 left on base; Northwestern 2 - Auburn 4
BOTTOM OF THE 8TH
Auburn Tigers batting - Pitching for Northwestern Wildcats : RHP Mario Mendoza
Pitching: RHP Johnny Anderson
Batting: RHB Ralph McCullum 0-0: Called Strike
0-1: Ball
1-1: Ball
2-1: Ball
3-1: Foul Ball, location: 2F
3-2: Base on Balls
Batting: RHB Carlos Frías 0-0: Bunted foul
0-1: Sac Bunt - play at first, batter OUT! 1-4
Ralph McCullum to second
Batting: RHB António Martínez 0-0: Intentional Walk
Batting: RHB Jody Díaz 0-0: Ball
1-0: Called Strike
1-1: Called Strike
1-2: Foul Ball, location: 2F
1-2: Foul Ball, location: 2F
1-2: Foul Ball, location: 2F
1-2: Foul Ball, location: 2F
1-2: Ball
2-2: Ball
3-2: Strikes out looking
Batting: LHB Edison Snyder 0-0: Ball
1-0: Ball
2-0: Called Strike
2-1: Ball
3-1: Called Strike
3-2: Foul Ball, location: 2F
3-2: Foul Ball, location: 2F
3-2: Base on Balls
Ralph McCullum to third
António Martínez to second
Batting: RHB Artie Frye 0-0: Called Strike
0-1: Swinging Strike
0-2: Ball
1-2: Foul Ball, location: 2F
1-2: DOUBLE (Line Drive, 5D)
Ralph McCullum scores
António Martínez scores
Edison Snyder to third
Runner from 3rd tries for Home, SAFE, no throw or cutoff
Pitching: RHP Willard Harris
Batting: LHB Francisco Cardenas 0-0: Swinging Strike
0-1: Ball
1-1: Ball
2-1: Called Strike
2-2: Fly out, F5 (Popup, 5DF)
Bottom of the 8th over - 3 run(s), 1 hit(s), 0 error(s), 1 left on base; Northwestern 2 - Auburn 7
TOP OF THE 9TH
Northwestern Wildcats batting - Pitching for Auburn Tigers : RHP Vincente López
Batting: RHB Robert Carter 0-0: Called Strike
0-1: Foul Ball, location: 2F
0-2: Foul Ball, location: 2F
0-2: Ball
1-2: Ground out U3 (Groundball, 3S)
Batting: LHB Ramón Morán 0-0: Ball
1-0: Foul Ball, location: 2F
1-1: Swinging Strike
1-2: Strikes out swinging
Batting: LHB John Allen 0-0: Ball
1-0: Swinging Strike
1-1: Ball
2-1: Called Strike
2-2: Strikes out swinging
Top of the 9th over - 0 run(s), 0 hit(s), 0 error(s), 0 left on base; Northwestern 2 - Auburn 7
This league is powered by Out of the Park Baseball, the baseball management simulation game for PC, Mac and Linux
Tuesday, August 2nd, 2016 - OOTP Baseball 16.8 Build 38